 Dungeon Crawl Stone Soup version 0.29.0-13-gc9e81de378 (webtiles) character file.

Game seed: 10712115141679503359

530 apoch the Spear-Bearer (level 7, 0/52 HPs)
             Began as a Merfolk Fighter on Sept 8, 2022.
             Was an Initiate of Ashenzari.
             Slain by Erica
             ... wielding a +3 scimitar of flaming
              (6 damage)
             ... on level 8 of the Dungeon.
             The game lasted 00:05:20 (3882 turns).

apoch the Spear-Bearer (Merfolk Fighter)            Turns: 3882, Time: 00:05:20

Health: 0/52       AC: 10    Str: 18    XL:     7   Next: 24%
Magic:  7/7        EV:  6    Int:  8    God:    Ashenzari [......]
Gold:   421        SH:  0    Dex: 13    Spells: 6/6 levels left

rFire   . . .      SeeInvis .   a - +1 trident
rCold   . . .      Faith    .   c - +0 buckler
rNeg    . . .      Spirit   .   l - +1 chain mail
rPois   +          Reflect  .   (no helmet)
rElec   .          Harm     .   s - +0 cloak {rPois}
rCorr   .          Rampage  .   (no gloves)
Will    .....                   (no boots)
Stlth   ..........              (no amulet)
HPRegen 0.17/turn               (no ring)
MPRegen 0.10/turn               (no ring)

@: confused, slowed, very slow
A: (nimble swimmer 2), mertail
a: Renounce Religion, Curse Item


You were on level 8 of the Dungeon.
You worshipped Ashenzari.
Ashenzari was noncommittal.
You visited 1 branch of the dungeon, and saw 6 of its levels.

You collected 421 gold pieces.

Inventory:

Hand Weapons
 a - a +1 trident (weapon)
Missiles
 g - 4 atropa-tipped darts
 n - 18 poisoned darts
 t - 3 boomerangs
Armour
 b - a +0 scale mail
 c - a +0 buckler (worn)
 l - a +1 chain mail (worn)
 s - a +0 cloak of poison resistance (worn)
Jewellery
 h - a +6 ring of dexterity
 u - a +6 ring of strength
 w - a +4 ring of protection
Wands
 d - a wand of polymorph (13)
Scrolls
 f - a scroll of enchant weapon
 k - 2 scrolls of amnesia
Potions
 e - 2 potions of cancellation
 j - 4 potions of curing
 p - 3 potions of brilliance
 q - a potion of magic {unknown}
 r - a potion of lignification {unknown}
 x - a potion of haste {unknown}


   Skills:
 - Level 3.2 Fighting
 + Level 10.1 Polearms
 - Level 2.1 Armour
 - Level 3.0 Shields


You had 6 spell levels left.
You didn't know any spells.
Your spell library contained the following spells:

 Spells                   Type           Power      Damage    Failure   Level
 Dazzling Flash           Conj/Hex       0%         N/A       100%        3
 Iskenderun's Mystic Bla  Conj/Tloc      0%         2d3       100%        4
 Starburst                Conj/Fire      0%         6d3       100%        6


Dungeon Overview and Level Annotations

Branches:
Dungeon (5/15)
 Temple: D:4-7

Altars:
Ashenzari
Cheibriados
Elyvilon
Gozag
Kikubaaqudgha
Makhleb
Okawaru
Sif Muna
Wu Jian
Xom

Annotations:
D:8 Erica


Innate Abilities, Weirdness & Mutations

((You are very nimble when in or above water. (Stealth+, EV+, Speed+++)))
Your lower body shifts to a powerful aquatic tail in water.


Message History

Erica burns you.
You hit Erica but do no damage.
Erica is lightly wounded.
Erica points at you and mumbles some strange words.
The lance of force hits you.
You are knocked back by the lance of force.
You slam into the stone wall!
* * * LOW HITPOINT WARNING * * *
You are too injured to fight recklessly!
You are too injured to fight recklessly!
You feel much better.
You hit the orc but do no damage.
The orc hits you with a +1 vorpal flail.
Erica hits you with a +3 scimitar of flaming!
Erica burns you. The orc hits you but does no damage.
You are too injured to fight recklessly!
You are too injured to fight recklessly!
You hit the orc but do no damage.
Erica gestures wildly while chanting.
Erica flickers and vanishes!
Deactivating autopickup; reactivate with Ctrl-A.
The orc closely misses you.
You closely miss the orc.
You hear some strange, mumbled words.
You are confused.
The orc hits you with a +1 vorpal flail.
You're too confused to move!
Something hits you!
* * * LOW HITPOINT WARNING * * *
Something burns you.
* * * LOW HITPOINT WARNING * * *
The orc barely misses you.
A lemure comes into view.
Something hits you.
* * * LOW HITPOINT WARNING * * *
Something burns you.
* * * LOW HITPOINT WARNING * * *
The orc barely misses you.
The lemure shouts!
Something hits you.
You die...

... ##♣~. ..... ≈≈~..~
#... ≈~~~~♣ #..###♣♣..♣.~~
#..#.....(..(.
#............. ..
##..........5..
..###.............. .
.........@{....####.....
.P........o....#..#.....
♣P......####...#..#...####
♣♣......#..#...#'##...#..#
♣.P....#..#..........#..#
♣♣.....##'#..........##'#
♣P......................
♣PP.....................
♣♣...######...⌠.........


You could see a lemure and an orc.

Vanquished Creatures
  Sigmund (D:2)
  A black bear (D:4)
  An orc priest (D:8)
  Crazy Yiuf (D:3)
  2 iguanas (D:4)
  An orc wizard (D:4)
  4 gnolls (D:4)
  2 adders (D:2)
  A worm (D:4)
  4 dart slugs
  7 orcs (D:4)
  11 ball pythons
  9 bats
  11 endoplasms
  3 giant cockroaches
  5 goblins
  4 hobgoblins (D:1)
  4 kobolds
  2 quokkas
  4 frilled lizards
  13 rats
91 creatures vanquished.

Vanquished Creatures (others)
  3 plants (D:8)
3 creatures vanquished.

Grand Total: 94 creatures vanquished

Notes
Turn   | Place    | Note
-------+----------+-------------------------------------------
     0 | D:1      | apoch the Merfolk Fighter began the quest for the Orb.
     0 | D:1      | Reached XP level 1. HP: 18/18 MP: 1/1
    30 | D:1      | Reached skill level 3 in Polearms
   241 | D:1      | Reached XP level 2. HP: 24/24 MP: 2/2
   382 | D:1      | Reached skill level 4 in Polearms
   533 | D:1      | Reached XP level 3. HP: 21/29 MP: 3/3
   697 | D:1      | Found a faded altar of an unknown god.
   699 | D:1      | Noticed an eye of devastation
   699 | D:1      | Noticed a shining eye
   700 | D:1      | Noticed a floating eye
   700 | D:1      | Noticed a golden eye
   719 | D:1      | Prayed at the altar of an unknown god.
   719 | D:1      | Became a worshipper of Ashenzari the Shackled
  1014 | D:1      | Reached skill level 5 in Polearms
  1337 | D:2      | Reached XP level 4. HP: 35/35 MP: 4/4
  1487 | D:2      | Noticed Sigmund
  1508 | D:2      | Killed Sigmund
  1509 | D:2      | Reached skill level 7 in Polearms
  1509 | D:2      | Reached XP level 5. HP: 23/41 MP: 5/5
  1778 | D:2      | Reached skill level 8 in Polearms
  1895 | D:2      | Reached XP level 6. HP: 47/47 MP: 6/6
  2481 | D:3      | Found a burning altar of Makhleb.
  2670 | D:3      | Found a runed translucent door.
  2671 | D:3      | Noticed Crazy Yiuf
  2824 | D:3      | Killed Crazy Yiuf
  2886 | D:4      | Found a snail-covered altar of Cheibriados.
  3148 | D:4      | Found an opulent altar of Gozag.
  3195 | D:4      | Reached skill level 9 in Polearms
  3258 | D:4      | Noticed a black bear
  3278 | D:4      | Killed a black bear
  3279 | D:4      | Reached XP level 7. HP: 48/52 MP: 7/7
  3356 | D:4      | Found a shimmering altar of Xom.
  3359 | D:4      | Found an iron altar of Okawaru.
  3359 | D:4      | Found a white marble altar of Elyvilon.
  3362 | D:4      | Found an ancient bone altar of Kikubaaqudgha.
  3364 | D:4      | Found a shimmering blue altar of Sif Muna.
  3587 | D:4      | Found an ornate altar of the Wu Jian Council.
  3594 | D:4      | Reached skill level 10 in Polearms
  3672 | D:5      | Entered Level 5 of the Dungeon
  3679 | D:5      | You fall into a shaft and drop 3 floors!
  3870 | D:8      | Noticed Erica
  3882 | D:8      | Slain by Erica

Illustrated notes

Levels and vault maps discovered:
D:1:      dpeg_arrival_pond, layout_loops_ring,
          hellmonk_ecumenical_altar_watching_god, minmay_bisected
D:2:      layout_rooms, uniq_sigmund
D:3:      layout_loops_ring, lightli_temple_of_fire, uniq_crazy_yiuf_cottage
D:4:      kennysheep_big_flooded_room, layout_rooms,
          nicolae_wu_jian_glorious_leap, grunt_temple_overflow_open,
          cheibriados_altar_1, nicolae_gozag_cash_rules_everything_around_me
D:5:      layout_basic, nrook_uturn, kennysheep_potato
D:8:      kennysheep_town, serial_shops, uniq_pikel, uniq_grum, uniq_erica,
          uniq_psyche

Skill      XL: |  1  2  3  4  5  6  7 |
---------------+----------------------+-----
Polearms       | 3 4 5 7 8 9 10 | 10.1
Fighting       | |  3.2
Armour         | |  2.1
Shields        | |  3.0

Action                   |  1- 3 |  4- 6 |  7- 9 || total
-------------------------+-------+-------+-------++-------
Melee: Trident           |   101 |   119 |    35 ||   255
       Unarmed           |       |    10 |       ||    10
Throw: Stone             |    16 |    38 |     6 ||    60
       Javelin           |     1 |    17 |     7 ||    25
  Use: Potion            |       |     1 |     2 ||     3
       Scroll            |       |     7 |     4 ||    11
Armor: Scale mail        |    29 |       |       ||    29
       Chain mail        |       |    48 |     4 ||    52
Dodge: Dodged            |    11 |    31 |     7 ||    49
Block: Buckler           |    15 |    12 |     3 ||    30
